 Dungeon Crawl Stone Soup version 0.14-a0-736-g2a71271 (webtiles) character file.

141 Malachi the Ruffian (level 3, -5/28 HPs)
             Began as a Draconian Transmuter on Nov 7, 2013.
             Slain by a gnoll
             ... wielding a +0,+0 club
              (6 damage)
             ... on Level 2 of the Dungeon.
             The game lasted 00:02:46 (1305 turns).

Malachi the Ruffian (Draconian Transmuter)          Turns: 1305, Time: 00:02:46

HP  -5/28        AC  8     Str 19      XL: 3   Next: 46%
MP   4/4         EV 12     Int 14      God:
Gold 95          SH  0     Dex 11      Spells:  2 memorised,  3 levels left

Res.Fire  : . . .   See Invis. : .   b - 27 arrows
Res.Cold  : + . .   Warding    : .   (armour unavailable)
Life Prot.: . . .   Conserve   : .   (no shield)
Res.Poison: .       Res.Corr.  : .   (helmet restricted)
Res.Elec. : .       Clarity    : .   n - +2 orc cloak
Sust.Abil.: . .     Spirit.Shd : .   (no gloves)
Res.Mut.  : .       Stasis     : .   (no boots)
Res.Rott. : .       Flight     : .   (no amulet)
Saprovore : . . .                    k - +2 ring of strength
                                     e - ring of protection from cold {unknown}

@: mighty, very slightly contaminated, hasted, very quick, not resistant to
hostile enchantments, unstealthy
A: unfitting armour, AC +5
a: no special abilities


You were on level 2 of the Dungeon.
You were very hungry.

You visited 1 branch of the dungeon, and saw 2 of its levels.

You collected 95 gold pieces.

Inventory:

Missiles
 b - 27 arrows (in hand)
Armour
 n - a +2 orcish cloak (worn)
Comestibles
 a - 2 bread rations
 l - a choko
 o - a meat ration
 q - a slice of pizza
 s - a pear
Scrolls
 c - a scroll of curse weapon {unknown}
 f - a scroll of amnesia {unknown}
 i - a scroll of remove curse {unknown}
 p - 3 scrolls of magic mapping {unknown}
 r - a scroll of fog {unknown}
 u - 2 scrolls of identify {unknown}
Jewellery
 e - a ring of protection from cold (left hand) {unknown}
 k - a +2 ring of strength (right hand)
Potions
 h - a potion of curing
 m - a potion of magic
Books
 d - a book of Changes

   Spells                             Type                      Level
   *Beastly Appendage                 Transmutation                1
   *Sticks to Snakes                  Transmutation                2
   Spider Form                        Transmutation/Poison         3
   Ice Form                           Ice/Transmutation            4
   Blade Hands                        Transmutation                5


   Skills:
 + Level 1.5 Fighting
 + Level 2.5 Dodging
 + Level 0.4 Stealth
 + Level 3.4 Unarmed Combat
 - Level 2.0 Spellcasting
 * Level 2.4 Transmutations


You had 3 spell levels left.
You knew the following spells:

 Your Spells              Type           Power        Failure   Level  Hunger
a - Beastly Appendage     Trmt           #.....       12%         1    ##.....
b - Sticks to Snakes      Trmt           #.........   17%         2    ###....


Dungeon Overview and Level Annotations

Branches:
Dungeon (2/27)

Altars:


Message History

Your ball python dies!
An adder comes into view.
The adder bites you. The adder completely misses you.
Read which item? (? for menu, Esc to quit)
Okay, then.
Drink which item? (? for menu, Esc to quit)
Magic courses through your body.
It was a potion of magic.
The adder closely misses you. The gnoll hits you with a club.
Drink which item? (? for menu, Esc to quit)
You feel yourself speed up.
It was a potion of speed.
The adder barely misses you.
The gnoll hits you from afar with a runed halberd!
* * * LOW HITPOINT WARNING * * *
You are very lightly contaminated with residual magic.
Drink which item? (? for menu, Esc to quit)
You feel very mighty all of a sudden.
It was a potion of might.
The adder bites you.
* * * LOW HITPOINT WARNING * * *
The gnoll hits you with a club.
You die...

#### ..#
#S# #@#
######g#
#.g..g.#
#.######
#. #.#
.# #.#
.# #g#
.#
.###.#
.# .#
##.##.#
## #.#


You could see 2 gnolls and an adder.

Vanquished Creatures
  An adder (D:1)
  2 gnolls (D:2)
  A giant mite (D:1)
  2 bats
  A giant cockroach (D:1)
  3 goblins
  A hobgoblin (D:1)
  5 kobolds
  A giant newt (D:1)
  3 rats (D:1)
20 creatures vanquished.

Notes
Turn   | Place    | Note
--------------------------------------------------------------
     0 | D:1      | Malachi, the Draconian Transmuter, began the quest for the Orb.
     0 | D:1      | Reached XP level 1. HP: 16/16 MP: 1/1
   362 | D:1      | Reached XP level 2. HP: 23/23 MP: 0/3
   891 | D:2      | Learned a level 2 spell: Sticks to Snakes
  1002 | D:1      | Reached XP level 3. HP: 6/28 MP: 4/4
  1024 | D:1      | HP: 1/28 [poisoned by an adder]
  1305 | D:2      | HP: 1/28 [adder (1)]
  1305 | D:2      | Slain by a gnoll

Action                   || total
-------------------------++-------
Melee: Unarmed           ||    89
 Cast: Beastly Appendage ||     4
       Sticks to Snakes  ||     3
  Use: Potion            ||     4
